 Dungeon Sprint DCSS version 0.20.1-1-g8b1a95d (webtiles) character file.

203253 HoaS the Conqueror (level 16, -5/183 HPs)
             Began as a Minotaur Berserker on Sept 28, 2017.
             Was the Champion of Trog.
             Slain by a titan (39 damage)
             ... in the Dungeon (Sprint IX: "|||||||||||||||||||||||||||||").
             The game lasted 01:08:18 (8817 turns).

HoaS the Conqueror (Minotaur Berserker)             Turns: 8817, Time: 01:08:19

Health: -5/183     AC: 33    Str: 36    XL:     16   Next: 73%
Magic:  24/24      EV: 20    Int:  4    God:    Trog [******]
Gold:   1425       SH:  0    Dex: 11    Spells: 15/15 levels left

rFire    + + .     SeeInvis +   A - +7 battleaxe of the Equinox {chop, rF+ Str+4}
rCold    + . .     Gourm    .   (shield currently unavailable)
rNeg     . . .     Faith    .   d - +0 gold dragon scales
rPois    +         Spirit   .   y - +0 mask of the Dragon {MR+ Slay+3 SInv}
rElec    .         Reflect  .   q - scarf {cloud immunity}
rCorr    .         Harm     .   b - +1 pair of gloves {archery}
MR       ++...     NoTele   +   o - +1 pair of boots
Stlth    ..........             (no amulet)
Regen    0.4/turn               E - +2 ring of slaying
MPRegen  0.2/turn               s - +4 ring of strength

@: marked
A: retaliatory headbutt, horns 2
}: 4/15 runes: decaying, serpentine, barnacled, gossamer
a: Berserk, Trog's Hand, Brothers in Arms, Burn Spellbooks, Renounce Religion


You were in the Dungeon.
You worshipped Trog.
Trog was exalted by your worship.
You were not hungry.

You visited 1 branch You collected 1942 gold pieces.
You spent 517 gold pieces at shops.

Inventory:

Hand Weapons
 A - the +7 battleaxe of the Equinox (weapon) {chop, rF+ Str+4}
   (Trog gifted it to you in the Dungeon)

   It inflicts extra damage upon your enemies.
   It affects your strength (+4).
   It protects you from fire.
 J - a +1 great mace
Armour
 b - a +1 pair of gloves of archery (worn)
 d - +0 gold dragon scales (worn)
 o - a +1 pair of boots (worn)
 q - a scarf of cloud immunity (worn)
 y - the +0 mask of the Dragon (worn) {MR+ Slay+3 SInv}
   (You found it in the Dungeon)

   It affects your accuracy and damage with ranged weapons and melee attacks
   (+3).
   It affects your resistance to hostile enchantments.
   It lets you see invisible.
 z - a +2 hat of intelligence
Jewellery
 s - a +4 ring of strength (right hand)
 x - an uncursed amulet of harm {unknown}
 E - a +2 ring of slaying (left hand)
Wands
 l - a wand of iceblast (7/15)
 n - a wand of iceblast (6/15)
Scrolls
 e - a scroll of magic mapping {unknown}
 i - 5 scrolls of blinking
 k - 6 scrolls of remove curse
 u - 4 scrolls of fear
 v - 4 scrolls of identify
 B - 2 scrolls of torment {unknown}
 H - a scroll of fog
 I - 4 scrolls of recharging
Potions
 a - a potion of brilliance
 f - a potion of haste
 g - 4 potions of magic
 h - 6 potions of berserk rage
 j - a potion of invisibility
 m - a potion of might
 p - a potion of resistance {unknown}
 t - a potion of cancellation
 G - a potion of agility
Comestibles
 c - 15 bread rations
 r - 36 fruits
 w - 7 meat rations
 C - 4 chunks of flesh


   Skills:
 O Level 27 Fighting
 O Level 27 Axes
 O Level 27 Armour
 O Level 27 Dodging
 + Level 12.9 Evocations


You had 15 spell levels left.
You didn't know any spells.

Dungeon Overview and Level Annotations

Branches:
Dungeon (1/1)

Altars:
Cheibriados
Dithmenos
Elyvilon
Fedhas
Gozag
Hepliaklqana
Kikubaaqudgha
Makhleb
Nemelex Xobeh
Okawaru
Qazlal
Ru
Sif Muna
Trog
Uskayaw
Vehumet
Xom
Yredelemnul
Zin
The Shining One
Beogh
Jiyva
Lugonu

Shops:
D ((*[


Innate Abilities, Weirdness & Mutations

You reflexively headbutt those who attack you in melee.
You have a pair of horns on your head.


Message History

a glowing executioner's axe {god gift}; +0 shadow dragon scales a shadow dragon corpse You slice the titan!!
The titan is moderately wounded.
The titan waves its arms in wide circles.
The air twists around and strikes you!
You slice the titan!! You headbutt the titan!
The titan is severely wounded.
You slice the titan!!
The titan is almost dead.
The titan hits you!!
You slash the titan!
The titan is almost dead.
The titan gestures at you while chanting.
The bolt of lightning hits you!
* * * LOW HITPOINT WARNING * * *
You barely miss the titan.
The titan is almost dead.
The titan hits you!!!
You die...

▓)▓.▓.▓.▓.▓.▓.▓.▓.
▓)▓.▓[▓.▓.▓.▓.▓.▓)
▓)▓.▓)▓.▓.▓.▓)▓)▓)
▓)▓.▓)▓.▓.▓.▓)▓.▓(
▓'▓.▓)▓.▓[▓.▓(▓.▓)
▓.▓.▓)▓.▓.▓.▓.▓.▓'
▓.▓.▓)▓.▓[▓.▓.▓.♣.
▓C▓.▓§▓.▓[▓.▓.▓.♣.
▓@▓.▓.▓.▓[▓.▓(▓.♣.
▓.▓.▓(▓.▓[▓.▓.▓.♣.
▓.▓.▓.▓.▓.▓.▓(▓.♣.
▓.▓.▓)▓.▓.▓.▓.▓.♣.
▓)▓.▓)▓.▓.▓.▓.▓.♣.
▓)▓.▓)▓.▓)▓.▓)▓.♣÷
▓)▓.▓.▓.▓)▓.▓.▓.♣.
▓)▓.▓.▓)▓)▓.▓(▓.♣÷
▓.▓.▓.▓.▓)▓.▓)▓.▓.


You could see a titan.

Vanquished Creatures
  Mennas (D)
  Frederick (D)
  A golden dragon (D)
  Jory (D)
  Gastronok (D)
  A tengu reaver (D)
  Donald (D)
  5 shadow dragons (D)
  A storm dragon (D)
  A fire giant (D)
  3 nagarajas (D)
  2 frost giants (D)
  4 emperor scorpions (D)
  A ghost moth (D)
  2 vault wardens (D)
  A very ugly thing (D)
  6 stone giants (D)
  A vampire knight (D)
  An ettin (D)
  3 merfolk impalers (D)
  A merfolk javelineer (D)
  Josephine (D)
  A great orb of eyes (D)
  3 ogre magi (D)
  2 yaktaur captains (D)
  3 hydras (D)
  A rakshasa (D)
  2 naga warriors (D)
  A merfolk avatar (D)
  A ghost crab (D)
  4 centaur warriors (D)
  25 vault guards (D)
  A two-headed ogre (D)
  4 merfolk aquamancers (D)
  2 tengu warriors (D)
  Urug (D)
  A deep elf knight (D)
  A skeletal warrior (D)
  A sea snake (D)
  10 swamp dragons (D)
  4 orc knights (D)
  2 ironbrand convokers (D)
  2 mana vipers (D)
  A necromancer (D)
  A deep elf mage (D)
  An ugly thing (D)
  3 wolf spiders (D)
  A harpy (D)
  2 manticores (D)
  A salamander (D)
  Psyche (D)
  2 merfolk sirens (D)
  A black mamba (D)
  A naga mage (D)
  Joseph (D)
  2 vault sentinels (D)
  A spiny frog (D)
  2 rime drakes (shapeshifter) (D)
  A yaktaur (D)
  3 freezing wraiths (D)
  6 komodo dragons (D)
  A rime drake (D)
  A tengu conjurer (D)
  2 trolls (D)
  5 jumping spiders (D)
  2 merfolk (D)
  2 slime creatures (D)
  A snapping turtle (D)
  2 hippogriffs (D)
  A redback (D)
  4 wraiths (D)
  A shadow (D)
  Eustachio (D)
  2 yaks (D)
  A basilisk (D)
  A vampire mosquito (D)
  A porcupine (D)
  11 orc warriors (D)
  2 swamp drakes (D)
  An ice beast (D)
  A crocodile (D)
  2 bullfrogs (D)
  A killer bee (D)
  4 orc priests (D)
  3 orc wizards (D)
  An iguana (D)
  An adder (D)
  An adder zombie (D)
  An adder skeleton (D)
  14 orcs (D)
  A goblin (D)
  A ball python (D)
  A bat simulacrum (D)
  4 rats (D)
221 creatures vanquished.

Vanquished Creatures (collateral kills)
  Saint Roka (D)
  A tentacled monstrosity (D)
  2 shadow dragons (D)
  Ilsuiw (D)
  4 nagarajas (D)
  2 vault wardens (D)
  A frost giant (D)
  An emperor scorpion (D)
  2 ghost moths (D)
  A stone giant (D)
  A deep elf high priest (D)
  A rakshasa (D)
  A naga warrior (D)
  2 hydras (D)
  A catoblepas (D)
  2 merfolk aquamancers (D)
  An ogre mage (D)
  An anaconda (D)
  3 death yaks (D)
  8 orc high priests (D)
  A glowing orange brain (D)
  2 necromancers (D)
  A wolf spider (D)
  A salamander (D)
  2 vault sentinels (D)
  2 guardian serpents (D)
  A spiny frog (D)
  3 demonic crawlers (D)
  A freezing wraith (D)
  A tengu conjurer (D)
  A merfolk (D)
  A tyrant leech (D)
  A slime creature (D)
  A hornet (D)
  A tarantella (D)
  6 yaks (D)
  3 nagas (D)
  A porcupine (D)
  A crocodile (D)
  4 orc priests (D)
  An orc wizard (D)
73 creatures vanquished.

Vanquished Creatures (others)
  A swamp dragon (D)
  A spiny frog (D)
  A tyrant leech (D)
  A slime creature (D)
  A boggart (D)
5 creatures vanquished.

Grand Total: 299 creatures vanquished

Notes
Turn   | Place    | Note
-------+----------+-------------------------------------------
     0 | D        | HoaS the Minotaur Berserker began the quest for the Orb.
     0 | D        | Reached XP level 1. HP: 19/19 MP: 0/0
     8 | D        | Reached ** piety under Trog
    17 | D        | Noticed an iguana
    26 | D        | Reached *** piety under Trog
    26 | D        | Reached XP level 2. HP: 26/28 MP: 1/1
    34 | D        | Reached skill level 5 in Fighting
    34 | D        | Reached skill level 5 in Axes
    41 | D        | Reached XP level 3. HP: 7/37 MP: 2/2
   383 | D        | Found a roughly hewn altar of Beogh.
   383 | D        | Found a snail-covered altar of Cheibriados.
   383 | D        | Found a shadowy altar of Dithmenos.
   383 | D        | Found a white marble altar of Elyvilon.
   383 | D        | Found a blossoming altar of Fedhas.
   383 | D        | Found an opulent altar of Gozag.
   384 | D        | Found a hazy altar of Hepliaklqana.
   385 | D        | Found a viscous altar of Jiyva.
   386 | D        | Found an ancient bone altar of Kikubaaqudgha.
   387 | D        | Found a corrupted altar of Lugonu.
   388 | D        | Found a burning altar of Makhleb.
   389 | D        | Found a sparkling altar of Nemelex Xobeh.
   390 | D        | Found an iron altar of Okawaru.
   391 | D        | Found a stormy altar of Qazlal.
   392 | D        | Found a sacrificial altar of Ru.
   393 | D        | Found a deep blue altar of Sif Muna.
   394 | D        | Found a bloodstained altar of Trog.
   395 | D        | Found a hide-covered altar of Uskayaw.
   396 | D        | Found a radiant altar of Vehumet.
   398 | D        | Found a shimmering altar of Xom.
   399 | D        | Found a basalt altar of Yredelemnul.
   400 | D        | Found a glowing silver altar of Zin.
   401 | D        | Found a glowing golden altar of the Shining One.
   470 | D        | Noticed a killer bee
   470 | D        | Noticed an orc warrior
   470 | D        | Noticed a bullfrog
   470 | D        | Noticed a troll
   477 | D        | Killed a troll
   477 | D        | Reached **** piety under Trog
   477 | D        | Reached skill level 5 in Dodging
   477 | D        | Reached XP level 4. HP: 8/50 MP: 3/3
   477 | D        | Reached XP level 5. HP: 9/57 MP: 4/4
   482 | D        | Reached XP level 6. HP: 22/66 MP: 5/5
   490 | D        | Killed an orc warrior
   490 | D        | Reached skill level 10 in Fighting
   490 | D        | Reached skill level 10 in Axes
   715 | D        | Noticed a manticore
   715 | D        | Noticed a manticore
   715 | D        | Noticed an ice beast
   715 | D        | Noticed a centaur warrior
   722 | D        | Killed a centaur warrior
   722 | D        | Reached ***** piety under Trog
   722 | D        | Reached XP level 7. HP: 62/78 MP: 6/6
   722 | D        | Reached XP level 8. HP: 68/85 MP: 7/7
   731 | D        | Received a gift from Trog
   733 | D        | Killed a manticore
   738 | D        | Killed a manticore
   738 | D        | Reached skill level 10 in Armour
   738 | D        | Reached XP level 9. HP: 54/94 MP: 8/8
  1067 | D        | Noticed a spiny frog
  1067 | D        | Noticed a rime drake
  1074 | D        | Noticed a komodo dragon
  1076 | D        | Killed a rime drake
  1081 | D        | Noticed a komodo dragon
  1083 | D        | Killed a spiny frog
  1083 | D        | Received a gift from Trog
  1083 | D        | Reached skill level 10 in Dodging
  1088 | D        | Reached skill level 15 in Fighting
  1088 | D        | Reached skill level 15 in Axes
  1094 | D        | Killed a komodo dragon
  1096 | D        | Killed a komodo dragon
  1174 | D        | Noticed a six-headed hydra
  1174 | D        | Noticed a komodo dragon
  1174 | D        | Noticed a komodo dragon
  1175 | D        | Noticed a five-headed hydra
  1181 | D        | Killed a komodo dragon
  1183 | D        | Killed a komodo dragon
  1183 | D        | Reached XP level 10. HP: 55/107 MP: 3/9
  1189 | D        | Killed a six-headed hydra
  1195 | D        | HP: 5/107 [five-headed hydra (6)]
  1195 | D        | HP: 1/107 [five-headed hydra (2)]
  1197 | D        | Killed a five-headed hydra
  1408 | D        | Noticed a death yak
  1408 | D        | Noticed a death yak
  1408 | D        | Noticed a catoblepas
  1409 | D        | Noticed a death yak
  1437 | D        | Killed a catoblepas
  1440 | D        | Killed a death yak
  1444 | D        | Killed a death yak
  1447 | D        | Killed a death yak
  1447 | D        | Received a gift from Trog
  1736 | D        | Noticed Gastronok
  1752 | D        | Killed Gastronok
  1752 | D        | Reached XP level 11. HP: 104/119 MP: 10/10
  1799 | D        | Received a gift from Trog
  1806 | D        | Noticed an orc knight
  1831 | D        | Killed an orc knight
  1838 | D        | Reached ****** piety under Trog
  1874 | D        | Received a gift from Trog
  1918 | D        | Noticed an orc knight
  1963 | D        | Killed an orc knight
  1971 | D        | Received a gift from Trog
  2081 | D        | Noticed an orc knight
  2115 | D        | Killed an orc knight
  2399 | D        | Found Xytilate's Armour Boutique.
  2399 | D        | Noticed an orc high priest
  2399 | D        | Noticed an orc high priest
  2401 | D        | Noticed an orc high priest
  2402 | D        | Killed an orc high priest
  2405 | D        | Noticed an orc high priest
  2408 | D        | Received a gift from Trog
  2412 | D        | Killed an orc high priest
  2415 | D        | Killed an orc high priest
  2417 | D        | Killed an orc high priest
  2424 | D        | Found Osodeij's General Store.
  2428 | D        | Found Pastup Waoc's Antique Weapon Boutique.
  2430 | D        | Noticed an orc high priest
  2431 | D        | Found Gamaskyt's Antique Weapon Shop.
  2432 | D        | Noticed an orc high priest
  2435 | D        | Noticed a soul eater
  2439 | D        | Noticed a soul eater
  2439 | D        | Killed an orc high priest
  2442 | D        | Noticed an orc high priest
  2443 | D        | Killed an orc high priest
  2446 | D        | Noticed an orc high priest
  2447 | D        | Noticed a soul eater
  2447 | D        | Killed an orc high priest
  2447 | D        | Received a gift from Trog
  2451 | D        | Killed an orc high priest
  2531 | D        | Bought a bread ration for 55 gold pieces
  2531 | D        | Bought a +4 ring of strength for 297 gold pieces
  2531 | D        | Bought a bread ration for 55 gold pieces
  2531 | D        | Bought a potion of haste for 110 gold pieces
  2565 | D        | Noticed Joseph
  2567 | D        | Noticed Josephine
  2579 | D        | Killed Josephine
  2581 | D        | Killed Joseph
  2581 | D        | Received a gift from Trog
  2592 | D        | Reached XP level 12. HP: 68/132 MP: 11/11
  2808 | D        | Noticed Eustachio
  2814 | D        | Killed Eustachio
  2818 | D        | Noticed Psyche
  2823 | D        | Killed Psyche
  2823 | D        | Received a gift from Trog
  3017 | D        | Noticed an eight-headed hydra
  3017 | D        | Noticed a two-headed ogre
  3025 | D        | Killed a two-headed ogre
  3025 | D        | Reached skill level 15 in Armour
  3027 | D        | Received a gift from Trog
  3028 | D        | Received a gift from Trog
  3033 | D        | Killed an eight-headed hydra
  3041 | D        | Noticed an ogre mage
  3052 | D        | Paralysed by an ogre mage for 4 turns
  3057 | D        | Killed an ogre mage
  3070 | D        | Noticed a brown very ugly thing
  3079 | D        | Killed a brown very ugly thing
  3080 | D        | Noticed a stone giant
  3111 | D        | Killed a stone giant
  3235 | D        | Noticed a tengu warrior
  3257 | D        | Killed a tengu warrior
  3272 | D        | Noticed a stone giant
  3273 | D        | Noticed a vampire knight
  3309 | D        | Killed a stone giant
  3312 | D        | Killed a vampire knight
  3368 | D        | Noticed Donald
  3376 | D        | Killed Donald
  3376 | D        | Received a gift from Trog
  3376 | D        | Reached skill level 15 in Dodging
  3528 | D        | Noticed Urug
  3534 | D        | Killed Urug
  3583 | D        | Reached XP level 13. HP: 145/145 MP: 12/12
  3588 | D        | Received a gift from Trog
  3634 | D        | Received a gift from Trog
  4026 | D        | Received a gift from Trog
  4034 | D        | Received a gift from Trog
  4067 | D        | Killed a ghost moth
  4069 | D        | Received a gift from Trog
  4167 | D        | Received a gift from Trog
  4186 | D        | Noticed Saint Roka
  4244 | D        | Killed Saint Roka
  4333 | D        | Noticed a fire giant
  4333 | D        | Noticed a stone giant
  4333 | D        | Noticed a stone giant
  4338 | D        | Killed a stone giant
  4348 | D        | Noticed a frost giant
  4409 | D        | Killed a stone giant
  4415 | D        | Killed a fire giant
  4752 | D        | Received a gift from Trog
  4755 | D        | HP: 1/149 [frost giant/bolt of cold (45)]
  4757 | D        | Killed a frost giant
  4760 | D        | Got a steaming battleaxe {god gift}
  4762 | D        | HP: 2/150 [poisoned by a tengu conjurer (bolt of poison)]
  4768 | D        | HP: 3/150 [poisoned by a tengu conjurer (bolt of poison)]
  5220 | D        | Noticed a frost giant
  5223 | D        | Received a gift from Trog
  5227 | D        | Killed a frost giant
  5238 | D        | Noticed a stone giant
  5246 | D        | Reached XP level 14. HP: 139/159 MP: 13/13
  5282 | D        | Killed a stone giant
  5293 | D        | Received a gift from Trog
  5300 | D        | Identified the +9 battleaxe "Fim Bedu" {freeze, Int+3} (Trog gifted it to you in the Dungeon)
  5366 | D        | Noticed a vault warden
  5373 | D        | Killed a vault warden
  5417 | D        | Received a gift from Trog
  5461 | D        | Noticed a tengu reaver
  5469 | D        | Received a gift from Trog
  5475 | D        | Killed a tengu reaver
  5476 | D        | Noticed a vault warden
  5485 | D        | Killed a vault warden
  5486 | D        | Noticed a frost giant
  5500 | D        | Killed a frost giant
  5502 | D        | Received a gift from Trog
  5544 | D        | Noticed Jory
  5560 | D        | Killed Jory
  5875 | D        | Noticed Frederick
  5930 | D        | Killed Frederick
  6201 | D        | Noticed Ilsuiw
  6221 | D        | Killed Ilsuiw
  6229 | D        | Received a gift from Trog
  6341 | D        | Reached XP level 15. HP: 102/173 MP: 14/14
  6511 | D        | Received a gift from Trog
  6577 | D        | Got a barnacled rune of Zot
  6593 | D        | Reached skill level 27 in Fighting
  6603 | D        | Received a gift from Trog
  6603 | D        | Reached skill level 27 in Axes
  6617 | D        | Killed a ghost moth
  6639 | D        | Killed a ghost moth
  7109 | D        | Got a gossamer rune of Zot
  7111 | D        | Received a gift from Trog
  7114 | D        | Got a warped battleaxe {god gift}
  7116 | D        | Identified the +1 battleaxe of Governance {vamp, rN++ MR-} (Trog gifted it to you in the Dungeon)
  7125 | D        | Noticed a nagaraja
  7125 | D        | Noticed a nagaraja
  7129 | D        | Killed a nagaraja
  7133 | D        | Killed a nagaraja
  7140 | D        | Noticed a nagaraja
  7141 | D        | Killed a nagaraja
  7141 | D        | Received a gift from Trog
  7143 | D        | Noticed a nagaraja
  7147 | D        | Killed a nagaraja
  7147 | D        | Received a gift from Trog
  7154 | D        | Noticed a nagaraja
  7158 | D        | Noticed a nagaraja
  7186 | D        | Killed a nagaraja
  7236 | D        | Killed a nagaraja
  7236 | D        | Received a gift from Trog
  7267 | D        | Noticed a nagaraja
  7277 | D        | Killed a nagaraja
  7719 | D        | Got a serpentine rune of Zot
  7757 | D        | Received a gift from Trog
  7813 | D        | Got a decaying rune of Zot
  7922 | D        | Noticed Mennas
  7949 | D        | Killed Mennas
  7949 | D        | Received a gift from Trog
  8057 | D        | Received a gift from Trog
  8088 | D        | Reached XP level 16. HP: 158/183 MP: 15/15
  8091 | D        | Got a pitted battleaxe {god gift}
  8092 | D        | Identified the +7 battleaxe of the Equinox {chop, rF+ Str+4} (Trog gifted it to you in the Dungeon)
  8165 | D        | Received a gift from Trog
  8209 | D        | Received a gift from Trog
  8351 | D        | Noticed a golden dragon
  8351 | D        | Noticed a storm dragon
  8358 | D        | Received a gift from Trog
  8358 | D        | Reached skill level 27 in Armour
  8363 | D        | Killed a storm dragon
  8368 | D        | Noticed a shadow dragon
  8377 | D        | Killed a golden dragon
  8381 | D        | Noticed a shadow dragon
  8390 | D        | Killed a shadow dragon
  8399 | D        | Reached skill level 27 in Dodging
  8413 | D        | Killed a shadow dragon
  8413 | D        | Received a gift from Trog
  8438 | D        | Received a gift from Trog
  8727 | D        | Noticed a shadow dragon
  8727 | D        | Noticed a shadow dragon
  8727 | D        | Noticed a shadow dragon
  8727 | D        | Noticed a tentacled monstrosity
  8727 | D        | Noticed a shadow dragon
  8732 | D        | Killed a shadow dragon
  8736 | D        | Killed a tentacled monstrosity
  8745 | D        | Noticed a shadow dragon
  8745 | D        | Killed a shadow dragon
  8745 | D        | Reached skill level 10 in Evocations
  8777 | D        | Killed a shadow dragon
  8785 | D        | Killed a shadow dragon
  8789 | D        | Killed a shadow dragon
  8795 | D        | Received a gift from Trog
  8809 | D        | Noticed a titan
  8817 | D        | Slain by a titan

Skill      XL: |  1  2  3  4  5  6  7  8  9 10 11 12 13 14 15 16 |
---------------+-------------------------------------------------+-----
Fighting       | 4 5 9 12 13 15 18 19 22 24 26 27 | 27.0
Axes           | 4 6 9 12 13 15 18 19 21 24 26 27 | 27.0
Armour         | 3 4 6 9 10 11 13 14 16 18 20 25 27 | 27.0
Dodging        | 3 5 6 8 9 10 12 13 15 16 18 23 27 | 27.0
Evocations     | 12 | 12.9

Action                   |  1- 3 |  4- 6 |  7- 9 | 10-12 | 13-15 | 16-18 || total
-------------------------+-------+-------+-------+-------+-------+-------++-------
Melee: Hand axe          |    29 |       |       |       |       |       ||    29
       Headbutt          |     5 |     1 |    18 |    40 |   101 |    52 ||   217
       War axe           |     5 |    19 |    14 |       |       |       ||    38
       Broad axe         |       |       |    34 |    48 |       |       ||    82
       Morningstar       |       |       |       |     7 |       |       ||     7
       Executioner's axe |       |       |       |   119 |   106 |       ||   225
       Great mace        |       |       |       |     5 |     5 |       ||    10
       Battleaxe         |       |       |       |       |   259 |   144 ||   403
Invok: Trog's Hand       |     1 |       |     1 |     8 |    11 |     1 ||    22
       Berserk           |       |     1 |     2 |     1 |     2 |       ||     6
       Brothers in Arms  |       |       |       |     5 |    20 |     5 ||    30
  Use: Potion            |       |       |       |     5 |    13 |     6 ||    24
 Stab: Sleeping          |     2 |       |       |       |       |       ||     2
  Eat: Chunk             |       |     1 |     2 |    12 |    11 |     1 ||    27
       Meat ration       |       |       |       |     1 |     4 |     1 ||     6
       Fruit             |       |       |       |     2 |     2 |       ||     4
Armor: Animal skin       |     2 |       |       |       |       |       ||     2
       Chain mail        |     6 |     6 |     7 |    25 |       |       ||    44
       Plate armour      |       |       |       |    55 |   229 |    33 ||   317
       Gold dragon scale |       |       |       |       |       |    26 ||    26
Dodge: Dodged            |    24 |     7 |    17 |   110 |   273 |    62 ||   493
